cohdb
Replays
Latest Replays
All Replays
Popular Replays
Top Player Replays
Match Explorer
How It Works
Community
CoH3 Stats
Reddit
Sign in to upload your games and track your stats! →
Sign in with Steam
Match 45435519
Unlisted
Match 45435519
Overview
Messages
Build Orders
End
Kettenkrad Recon Vehicle
Construct Infanterie Kompanie
Selects Terror Battlegroup
Selects Machine Gun Camouflage
MG 42 Machine Gun Team
Grenadier Squad
Grenadier Squad
MG 42 Machine Gun Team
Selects Contempt for the Weak
Construct Luftwaffe Kompanie
Jäger Squad
Medical Station
Pioneer Squad
Jäger Squad
Construct Panzer Kompanie
Selects No Quarter
Panzer IV Medium Tank
Selects Jericho Trumpet
Stoßtruppen Squad
Side Skirts
Jericho Trumpet
Selects V1 Rocket Strike
Jericho Trumpet
Panzer IV Medium Tank
V1 Rocket Strike
Panzer IV Medium Tank
Pioneer Squad
Jericho Trumpet
SilitO
toto
0
0
Comments
sign in to comment!
No comments posted yet!